 Dungeon Crawl Stone Soup version 0.29-a0-841-g116ddc6ace (webtiles) character file.

Game seed: 11727002879890527501

150 gruber the Conjurer (level 5, 0/28 HPs)
             Began as a Tengu Conjurer on July 14, 2022.
             Killed by divine providence
             ... invoked by an orc priest
              (12 damage)
             ... on level 4 of the Dungeon.
             The game lasted 00:01:49 (2607 turns).

gruber the Conjurer (Tengu Conjurer)                Turns: 2607, Time: 00:01:50

Health: 0/28       AC:  2    Str:  7    XL:     5   Next: 32%
Magic:  1/10       EV: 14    Int: 21    God:
Gold:   218        SH:  0    Dex: 12    Spells: 7/10 levels left

rFire   . . .      SeeInvis .   r - +0 short sword (venom)
rCold   . . .      Faith    .   (no shield)
rNeg    . . .      Spirit   .   a - +0 robe
rPois   .          Reflect  .   (helmet restricted)
rElec   .          Harm     .   (no cloak)
rCorr   .          Rampage  .   (no gloves)
Will    +....                   (boots unavailable)
Stlth   ++........              (no amulet)
HPRegen 0.09/turn               k - ring of willpower
MPRegen 0.12/turn               (no ring)

@: flying quickly and evasively, quick
A: beak, talons 3, nimble flight
a: no special abilities


You were on level 4 of the Dungeon.
You visited 1 branch of the dungeon, and saw 4 of its levels.

You collected 218 gold pieces.

Inventory:

Hand Weapons
 r - a +0 short sword of venom (weapon)
 s - a +2 dagger of speed
Armour
 a - a +0 robe (worn)
Jewellery
 i - a ring of fire
 k - a ring of willpower (left hand)
Scrolls
 c - 2 scrolls of brand weapon {unknown}
 f - 2 scrolls of summoning {unknown}
 g - 2 scrolls of identify {unknown}
 h - a scroll of amnesia {unknown}
 j - a scroll of magic mapping {unknown}
 l - 2 scrolls of vulnerability {unknown}
 m - a scroll of enchant armour {unknown}
 q - a scroll of enchant weapon {unknown}
Potions
 b - a potion of magic
 d - a potion of flight {unknown}
 e - 2 potions of heal wounds {unknown}
 n - a potion of degeneration {unknown}
 o - a potion of curing {unknown}
 p - a potion of brilliance {unknown}


   Skills:
 - Level 2.1 Dodging
 - Level 2.0 Stealth
 + Level 3.2 Spellcasting
 + Level 7.6 Conjurations


You had 7 spell levels left.
You knew the following spells:

 Your Spells              Type           Power      Damage    Failure   Level
a - Magic Dart            Conj           100%       1d8       1%          1
b - Searing Ray           Conj           70%        2d7       1%          2

Your spell library contained the following spells:

 Spells                   Type           Power      Damage    Failure   Level
 Dazzling Flash           Conj/Hex       38%        N/A       9%          3
 Ensorcelled Hibernation  Hex/Ice        6%         N/A       21%         2
 Passwall                 Tmut/Erth      2%         N/A       21%         2
 Fulminant Prism          Conj/Hex       9%         3d7       26%         4
 Iskenderun's Mystic Bla  Conj/Tloc      19%        2d6       26%         4
 Swiftness                Air            3%         N/A       36%         3


Dungeon Overview and Level Annotations

Branches:
Dungeon (4/15)
 Temple: D:4-7

Altars:
Cheibriados
Yredelemnul


Innate Abilities, Weirdness & Mutations

You have a beak for a mouth.
You have claws for feet.
Your magical nature lets you fly swiftly and evasively.


Message History

You can't see any susceptible monsters within range! (Use Z to cast anyway.)
You can't see any susceptible monsters within range! (Use Z to cast anyway.)
An orc comes into view. It is wielding a +0 club.
The magic dart hits the orc but does no damage.
The orc shouts!
You hear a shout!
The magic dart hits the orc but does no damage.
The magic dart hits the orc!
You kill the orc!
You can't see any susceptible monsters within range! (Use Z to cast anyway.)
An orc priest comes into view. It is wielding a +0 whip.
An orc priest is nearby!
The magic dart hits the orc priest but does no damage.
The orc priest shouts!
You hear a shout! x2
Casting: Magic Dart (safe; 1% risk of failure)
Confirm with . or Enter, or press ? or * to list all spells.
Aiming: Searing Ray (safe; 1% risk of failure)
Press: ? - help, Shift-Dir - straight line, f/p - orc priest
Aim: an orc priest, wielding a +0 whip and wearing a +0 scale mail (83% to hit)
The searing ray hits the orc priest!
The orc priest is severely wounded. (Press . to maintain the ray.) Unknown command.
Unknown command.
The searing ray hits the orc priest but does no damage.
The orc priest is severely wounded.
Unknown command.
Unknown command.
You closely miss the orc priest. You claw the orc priest.
You peck the orc priest, but do no damage.
The orc priest is severely wounded.
The orc priest invokes the aid of Beogh against you.
Beogh smites you!
Ouch! That really hurt!
You are too injured to fight recklessly!
You closely miss the orc priest.
You peck the orc priest, but do no damage.
The orc priest is severely wounded.
The orc priest mumbles some strange prayers to Beogh against you.
Beogh smites you!
You die...

## . .. #. .. #.
.! #) #. #.# #. #.
..# .###?#.###
...## ..)......#
#.... #
.......@)##..#....
.......o..<...#
..........###.#
..........#
.....####.# ..>..
..# .... #.# ....
#.# ...


You could see an orc priest.

Vanquished Creatures
  A hound (D:3)
  An orc wizard (D:3)
  2 adders
  A worm (D:2)
  4 dart slugs
  5 orcs
  8 endoplasms
  2 giant cockroaches
  3 goblins
  5 hobgoblins
  8 kobolds
  4 quokkas
  3 ball pythons
  6 bats
  5 rats
58 creatures vanquished.

Vanquished Creatures (others)
  7 plants (D:3)
7 creatures vanquished.

Grand Total: 65 creatures vanquished

Notes
Turn   | Place    | Note
-------+----------+-------------------------------------------
     0 | D:1      | gruber the Tengu Conjurer began the quest for the Orb.
     0 | D:1      | Reached XP level 1. HP: 10/10 MP: 4/4
    46 | D:1      | Found a faded altar of an unknown god.
   230 | D:1      | Reached XP level 2. HP: 15/15 MP: 3/6
   466 | D:1      | Reached skill level 6 in Conjurations
   985 | D:2      | Reached XP level 3. HP: 19/19 MP: 4/7
  1400 | D:2      | Learned a level 2 spell: Searing Ray
  1685 | D:3      | Found a basalt altar of Yredelemnul.
  1712 | D:3      | Reached XP level 4. HP: 24/24 MP: 3/8
  1886 | D:3      | Found a snail-covered altar of Cheibriados.
  2108 | D:3      | Reached skill level 7 in Conjurations
  2250 | D:3      | Identified the +3 chain mail of Foolhardiness {*Corrode
                  | rElec Will+ SInv}
  2353 | D:3      | Gained mutation: Your magical nature lets you fly swiftly
                  | and evasively. [Tengu growth]
  2353 | D:3      | Reached XP level 5. HP: 23/28 MP: 5/10
  2607 | D:4      | Killed from afar by an orc priest

Illustrated notes

Levels and vault maps discovered:
D:1:      minmay_arrival_four_houses, layout_basic,
          ebering_ecumenical_altar_webs
D:2:      layout_rooms
D:3:      layout_loops_ring, mainiacjoe_overflow_brackets,
          mainiacjoe_overflow_cross_hatched
D:4:      minmay_chambers_of_threes, layout_rooms, grunt_temple_overflow_open,
          gup_sewer_entry_spiral, lightli_ossuary_entry_decrepit_ruins

Skill      XL: |  1  2  3  4 |
---------------+-------------+-----
Conjurations   | 6 7 |  7.6
Spellcasting   | 3 |  3.2
Dodging        | |  2.1
Stealth        | |  2.0

Action                   |  1- 3 |  4- 6 || total
-------------------------+-------+-------++-------
Melee: Short sword       |       |     3 ||     3
       Kick              |       |     2 ||     2
       Peck              |       |     2 ||     2
 Cast: Magic Dart        |    76 |    32 ||   108
       Searing Ray       |       |     3 ||     3
 Stab: Sleeping          |       |     1 ||     1
Armor: Robe              |     1 |     1 ||     2
Dodge: Dodged            |     3 |     1 ||     4

Table legend: (Time is in decaauts)
 A = Elapsed time spent in this place.
 B = Non-inter-level travel time spent in this place.
 C = Inter-level travel time spent in this place.
 D = Time resting spent in this place.
 E = Time spent auto-exploring this place.
 F = Levels seen in this place.
 G = Mean time per level.
                   A        B        C        D        E       F      G
               +--------+--------+--------+--------+--------+-----+--------+
         Total |   2587 |   2549 |     38 |      0 |   2322 |   4 |  646.8 |
       Dungeon |   2587 |   2549 |     38 |      0 |   2322 |   4 |  646.8 |
               +--------+--------+--------+--------+--------+-----+--------+

Top non-repeatable levels by time:
     D:1: 950 daAuts
     D:3: 877 daAuts
     D:2: 734 daAuts
     D:4: 26 daAuts
